 Dungeon Crawl Stone Soup version 0.24.0-123-gd5b16e6ec5 (webtiles) character file.

Game seed: 3536056539211422536, levelgen mode: deterministic

12294 Froggeryz the Severer (level 11, 0/79 HPs)
             Began as a Minotaur Fire Elementalist on Jan 1, 2020.
             Was a High Priest of Okawaru.
             Slain by Snorg (14 damage)
             ... on level 11 of the Dungeon on Jan 3, 2020.
             The game lasted 00:23:49 (12916 turns).

Froggeryz the Severer (Minotaur Fire Elementalist) Turns: 12916, Time: 00:23:50

Health: 0/79       AC: 18    Str: 16    XL:     11   Next: 60%
Magic:  12/12      EV: 10    Int: 12    God:    Okawaru [*****.]
Gold:   781        SH:  3    Dex:  6    Spells: 11/12 levels left

rFire    . . .     SeeInvis +   q - +1 battleaxe (venom)
rCold    . . .     Gourm    .   (shield currently unavailable)
rNeg     . . .     Faith    .   G - +1 scale mail of Submission {rCorr}
rPois    .         Spirit   .   z - +0 hat {MR+}
rElec    +         Reflect  +   A - +0 cloak
rCorr    +         Harm     .   U - +1 pair of gloves of Elithubb {rElec rC- Regen+ Dex-5}
MR       ++...                  V - +2 pair of boots of the Assassin {Detection Stab+ Stlth++}
Stlth    ++........             s - +3 amulet of reflection
HPRegen  0.63/turn              S - +3 ring of protection
MPRegen  0.13/turn              T - ring of protection from magic

@: no status effects
A: retaliatory headbutt, horns 2, thin metallic scales 1, see invisible, cold
resistance 1
a: Heroism, Finesse, Renounce Religion


You were on level 11 of the Dungeon.
You worshipped Okawaru.
Okawaru was extremely pleased with you.
You were not hungry.

You visited 2 branches of the dungeon, and saw 12 of its levels.
You also visited: Ossuary and Gauntlet.

You collected 781 gold pieces.

Inventory:

Hand Weapons
 k - a +0 war axe
 q - a +1 battleaxe of venom (weapon)
 E - the +10 hunting sling "Petunkae" {flame, rF+++ rC+ MR- Int-4}
   (You found it on level 5 of the Dungeon)

   It causes projectiles fired from it to burn those they strike, causing extra
   injury to most foes and up to half again as much damage against particularly
   susceptible opponents.
   It affects your intelligence (-4).
   It renders you almost immune to fire.
   It protects you from cold.
   It affects your resistance to hostile enchantments.
 H - the +4 flail of Midnight {antimagic, rPois}
   (You found it on level 5 of the Dungeon)

   It reduces the magical energy of the wielder, and disrupts the spells and
   magical abilities of those hit.
   Natural abilities and divine invocations are not affected.
   It protects you from poison.
 M - a +2 hand axe of chopping
Missiles
 e - 28 javelins
 y - 4 silver javelins (quivered)
 F - 29 sling bullets
Armour
 f - a +1 plate armour of fire resistance
 w - the cursed +0 pair of boots "Sealuy" {rC+ Int+3}
   (You found it in a Gauntlet)

   It affects your intelligence (+3).
   It protects you from cold.
   It has a curse placed upon it.
 z - a +0 hat of magic resistance (worn)
 A - a +0 cloak (worn)
 G - the +1 scale mail of Submission (worn) {rCorr}
   (You found it on level 6 of the Dungeon)

   It provides partial protection from all sources of acid and corrosion.
 J - the +10 large shield of Ignorance {rN+ Int-4}
   (You found it on level 9 of the Dungeon)

   It affects your intelligence (-4).
   It protects you from negative energy.
 K - +0 storm dragon scales
 U - the +1 pair of gloves of Elithubb (worn) {rElec rC- Regen+ Dex-5}
   (You found it on level 11 of the Dungeon)

   It affects your dexterity (-5).
   It makes you vulnerable to cold.
   It insulates you from electricity.
   It increases your rate of regeneration.
 V - the +2 pair of boots of the Assassin (worn) {Detection Stab+ Stlth++}
   (You found it in a Gauntlet)

   It makes you much more stealthy.
Jewellery
 s - a +3 amulet of reflection (around neck)
 B - an uncursed ring of ice
 Q - an uncursed ring of protection from fire
 S - a +3 ring of protection (left hand)
 T - a ring of protection from magic (right hand)
Wands
 o - a wand of enslavement (11)
 D - a wand of disintegration (21)
 L - a wand of flame (2)
 R - a wand of digging (4)
Scrolls
 a - 3 scrolls of amnesia
 d - 5 scrolls of enchant armour
 g - 3 scrolls of fog
 i - 3 scrolls of immolation {unknown}
 j - a scroll of fear {unknown}
 m - 6 scrolls of identify
 n - 4 scrolls of blinking
 p - 9 scrolls of remove curse
 r - 4 scrolls of teleportation
 t - 4 scrolls of magic mapping
 u - 4 scrolls of enchant weapon {unknown}
 v - 4 scrolls of noise {unknown}
 I - a scroll of random uselessness {unknown}
Potions
 h - 2 potions of cancellation
 l - 5 potions of curing
 x - a potion of haste
 C - a potion of flight {unknown}
 N - a potion of might {unknown}
 O - 2 potions of agility
 P - 2 potions of heal wounds
 W - a potion of magic
Miscellaneous
 b - 2 phantom mirrors
Comestibles
 c - 20 rations


   Skills:
 - Level 2.1 Fighting
 + Level 19.6 Axes
 - Level 2.3 Armour
 - Level 3.1 Dodging
 - Level 1.5 Stealth
 - Level 1.3 Spellcasting
 - Level 0.6 Conjurations
 - Level 2.1 Fire Magic


You had 11 spell levels left.
You knew the following spells:

 Your Spells              Type           Power        Failure   Level  Hunger
a - Flame Tongue          Conj/Fire      #....        52%         1    ##.....

Your spell library contained the following spells:

 Spells                   Type           Power        Failure   Level  Hunger
 Magic Dart               Conj           #...         63%         1    ##.....
 Throw Flame              Conj/Fire      #.....       65%         2    ###....
 Beastly Appendage        Tmut           #.....       71%         1    ##.....
 Corona                   Hex            #......      71%         1    ##.....
 Freeze                   Ice            #...         71%         1    ##.....
 Searing Ray              Conj           #.....       77%         2    ###....
 Throw Frost              Conj/Ice       #.....       80%         2    ###....
 Slow                     Hex            #.......     83%         2    ###....
 Sticks to Snakes         Tmut           #.......     83%         2    ###....
 Conjure Flame            Conj/Fire      #.......     87%         3    ####...
 Inner Flame              Hex/Fire       #.......     89%         3    ####...
 Dazzling Spray           Conj/Hex       #.....       95%         3    ####...
 Ozocubu's Armour         Chrm/Ice       #.......     97%         3    ####...
 Spider Form              Tmut/Pois      #.........   97%         3    ####...
 Sticky Flame             Conj/Fire      #.......     99%         4    #####..
 Force Lance              Conj/Tloc      #.......     100%        4    #####..
 Fulminant Prism          Conj/Hex       #.........   100%        4    #####..
 Ice Form                 Ice/Tmut       #.......     100%        4    #####..
 Iskenderun's Mystic Bla  Conj           #.......     100%        4    #####..
 Leda's Liquefaction      Hex/Erth       #.........   100%        4    #####..
 Summon Ice Beast         Ice/Summ       #.......     100%        4    #####..
 Throw Icicle             Conj/Ice       #.......     100%        4    #####..
 Blade Hands              Tmut           #.........   100%        5    ######.
 Fireball                 Conj/Fire      #.........   100%        5    ######.
 Summon Mana Viper        Hex/Summ       #.......     100%        5    ######.
 Darkness                 Hex            #.........   100%        6    #######


Dungeon Overview and Level Annotations

Branches:
Dungeon (11/15)            Temple (1/1) D:5            Lair (0/6) D:11
    Orc (0/2) D:10        Ossuary (visited)         Gauntlet (visited)

Altars:
Ashenzari
Cheibriados
Dithmenos
Elyvilon
Fedhas
Gozag
Hepliaklqana
Kikubaaqudgha
Makhleb
Nemelex Xobeh
Okawaru
Qazlal
Ru
Sif Muna
Trog
Uskayaw
Vehumet
Wu Jian
Xom
Yredelemnul
Zin
The Shining One

Shops:
D:5 ?

Annotations:
D:11 Snorg


Innate Abilities, Weirdness & Mutations

You reflexively headbutt those who attack you in melee.
You have a pair of horns on your head.
You are partially covered in thin metallic scales. (AC +2)
You have supernaturally acute eyesight. (SInv)
Your flesh is cold resistant. (rC+)


Message History

You slash Snorg!
Snorg looks as sick as possible!
Snorg is severely wounded.
Snorg goes berserk!
You barely miss Snorg. You headbutt Snorg, but do no damage.
Snorg is severely wounded.
Snorg bites you! Snorg claws you but does no damage. x2
There is an open door here.
Snorg bites you but does no damage. Snorg misses you. You block Snorg's attack.
You hit Snorg. You headbutt Snorg.
Snorg is almost dead.
Snorg bites you!
* * * LOW HITPOINT WARNING * * *
Snorg barely misses you. Snorg claws you but does no damage.
Unknown command.
You slash Snorg!
Snorg looks as sick as possible!
You headbutt Snorg.
Snorg is almost dead.
Snorg bites you!
* * * LOW HITPOINT WARNING * * *
Snorg claws you!
You die...

#.## **,, #####.## *,,*
#......### ###### **,**
###........# #....#****
*,,,, #........#.#
#....+,,,***,,,,
#.#...[..#.###
#....#**,,,,,,,,
'.#......#...# #...(#
*****,,,,
###......###.#####....#
*,,,, # #......#
#....@T....# **,**
####.### #######....#
*,,, #.# #..).# **#,
#.# ##'### #. #.# *."*
###. ******,* *#[# #...
,,,,,*,********* ***'#*
###.#.
****,,,,,,,,,,,***,,..*
*#.....
***,**,,***,,,',,..#
*..#.#.


You could see Snorg (berserk).

Vanquished Creatures
  A minotaur (Gauntlet)
  A death yak (Gauntlet)
  An unseen horror (D:9)
  A necromancer (Gauntlet)
  An elephant (Gauntlet)
  A torpor snail (Gauntlet)
  A troll (D:9)
  Prince Ribbit (D:9)
  2 hippogriffs (D:10)
  A vampire (D:9)
  11 yaks
  A wyvern (D:11)
  2 wraiths
  A human (D:8)
  4 hogs (D:8)
  A warg (D:10)
  4 orc warriors
  A sky beast (D:6)
  A hornet zombie (D:8)
  3 ice beasts
  A necrophage (D:9)
  4 phantoms
  5 ogres
  5 wolves (Gauntlet)
  6 centaurs
  A crocodile (D:9)
  4 bullfrogs
  5 elf zombies (Ossuary)
  A gnoll sergeant (D:7)
  A wyvern skeleton (D:9)
  2 scorpions
  2 killer bees
  4 howler monkeys
  13 crimson imps
  6 centaur zombies
  2 human zombies (Ossuary)
  A centaur skeleton (D:8)
  5 orc priests
  3 jellies
  5 hounds
  2 bullfrog skeletons
  5 iguanas
  9 orc wizards
  7 worker ants
  3 mummies (Ossuary)
  6 gnolls (D:7)
  14 adders
  3 shadow imps
  3 oozes
  2 adder zombies
  An adder skeleton (D:5)
  2 worms (D:2)
  3 dart slugs
  4 leopard geckos
  33 orcs
  6 giant cockroaches
  7 goblins
  6 hobgoblins
  13 jackals
  4 quokkas
  8 ball pythons
  7 bats
  4 frilled lizards
  A kobold (D:2)
  2 quokka skeletons
  5 rats
276 creatures vanquished.

Vanquished Creatures (collateral kills)
  2 killer bees (D:7)
2 creatures vanquished.

Vanquished Creatures (others)
  An orc wizard (D:4)
  A leopard gecko (D:3)
  24 demonic plants (Gauntlet)
26 creatures vanquished.

Grand Total: 304 creatures vanquished

Notes
Turn   | Place    | Note
-------+----------+-------------------------------------------
     0 | D:1      | Froggeryz the Minotaur Fire Elementalist began the quest
                  | for the Orb.
     0 | D:1      | Reached XP level 1. HP: 14/14 MP: 1/1
    72 | D:1      | Reached skill level 1 in Fighting
   102 | D:1      | Reached XP level 2. HP: 24/24 MP: 3/3
   210 | D:1      | Reached skill level 1 in Axes
   312 | D:1      | Reached skill level 1 in Armour
   514 | D:1      | Reached XP level 3. HP: 17/29 MP: 4/4
   874 | D:2      | Reached skill level 2 in Axes
  1132 | D:2      | Reached XP level 4. HP: 28/36 MP: 5/5
  1262 | D:2      | Reached skill level 3 in Axes
  1976 | D:3      | Found a basalt altar of Yredelemnul.
  1981 | D:3      | Reached XP level 5. HP: 40/41 MP: 6/6
  2070 | D:3      | Found a faded altar of an unknown god.
  2304 | D:3      | Reached skill level 4 in Axes
  2332 | D:3      | Found a stormy altar of Qazlal.
  2888 | D:4      | Reached skill level 5 in Axes
  2938 | D:4      | Reached XP level 6. HP: 48/48 MP: 7/7
  3002 | D:4      | Reached skill level 6 in Axes
  3017 | D:4      | Found a blossoming altar of Fedhas.
  3066 | D:4      | Found a white marble altar of Elyvilon.
  3256 | D:4      | Gained mutation: You occasionally shout uncontrollably at
                  | your foes. [potion of mutation]
  3256 | D:4      | Gained mutation: You are surrounded by a mild repulsion
                  | field. (EV +2) [potion of mutation]
  3776 | D:4      | Found a radiant altar of Vehumet.
  3776 | D:4      | Found a blossoming altar of Fedhas.
  3815 | D:5      | Entered Level 5 of the Dungeon
  3815 | D:5      | Found a bloodstained altar of Trog.
  3832 | D:5      | Reached skill level 7 in Axes
  3877 | D:5      | Got a faintly glowing hunting sling
  3881 | D:5      | Identified the +10 hunting sling "Petunkae" {flame, rF+++
                  | rC+ MR- Int-4} (You found it on level 5 of the Dungeon)
  4138 | D:5      | Found Veturuc's Magic Scroll Boutique.
  4383 | D:5      | Reached XP level 7. HP: 55/55 MP: 8/8
  4403 | D:5      | Got an iridescent flail
  4404 | D:5      | Identified the +4 flail of Midnight {antimagic, rPois} (You
                  | found it on level 5 of the Dungeon)
  4424 | D:5      | Found a staircase to the Ecumenical Temple.
  4443 | Temple   | Entered the Ecumenical Temple
  4449 | Temple   | Became a worshipper of Warmaster Okawaru
  4698 | D:5      | Found a glowing golden altar of the Shining One.
  4876 | D:6      | Reached skill level 8 in Axes
  4990 | D:6      | Got an ichor-stained scale mail
  4991 | D:6      | Identified the +1 scale mail of Submission {rCorr} (You
                  | found it on level 6 of the Dungeon)
  5299 | D:6      | Found a shadowy altar of Dithmenos.
  5407 | D:6      | Found a sand-covered staircase.
  5416 | Ossuary  | Entered an ossuary
  5483 | Ossuary  | Reached skill level 9 in Axes
  5633 | Ossuary  | Reached * piety under Okawaru
  5641 | Ossuary  | Reached skill level 10 in Axes
  5641 | Ossuary  | Reached XP level 8. HP: 34/61 MP: 9/9
  5978 | D:6      | Reached skill level 11 in Axes
  6043 | D:6      | Reached ** piety under Okawaru
  6483 | D:7      | Reached skill level 12 in Axes
  6552 | D:7      | Found a hide-covered altar of Uskayaw.
  6800 | D:7      | Reached XP level 9. HP: 32/67 MP: 10/10
  7157 | D:7      | Reached skill level 13 in Axes
  7616 | D:8      | Found a sacrificial altar of Ru.
  7824 | D:8      | Found a shadowy altar of Dithmenos.
  7922 | D:8      | Reached *** piety under Okawaru
  7933 | D:8      | Reached skill level 14 in Axes
  8216 | D:8      | Lost mutation: You occasionally shout uncontrollably at
                  | your foes. [potion of mutation]
  8216 | D:8      | Lost mutation: You are surrounded by a mild repulsion
                  | field. (EV +2) [potion of mutation]
  8216 | D:8      | Gained mutation: You are partially covered in thin metallic
                  | scales. (AC +2) [potion of mutation]
  8216 | D:8      | Gained mutation: Your flesh is cold resistant. (rC+)
                  | [potion of mutation]
  8216 | D:8      | Gained mutation: You have supernaturally acute eyesight.
                  | (SInv) [potion of mutation]
  8266 | D:8      | Reached **** piety under Okawaru
  8266 | D:8      | Reached skill level 15 in Axes
  8597 | D:8      | Reached XP level 10. HP: 56/73 MP: 11/11
  8789 | D:9      | HP: 3/73 [vampire/vampiric draining (16)]
  9031 | D:9      | Reached skill level 16 in Axes
  9201 | D:9      | Noticed Prince Ribbit
  9262 | D:9      | Killed Prince Ribbit
  9521 | D:9      | Reached ***** piety under Okawaru
  9749 | D:9      | Noticed an unseen horror
  9761 | D:9      | Killed an unseen horror
  9761 | D:9      | Reached skill level 17 in Axes
  9814 | D:9      | Received a gift from Okawaru
 10194 | D:9      | Found the +10 large shield of Ignorance {rN+ Int-4}
 10359 | D:9      | Found a snail-covered altar of Cheibriados.
 10729 | D:10     | Entered Level 10 of the Dungeon
 11119 | D:10     | Reached skill level 18 in Axes
 11171 | D:10     | Reached XP level 11. HP: 59/79 MP: 12/12
 11194 | D:10     | Found a staircase to the Orcish Mines.
 11927 | D:11     | Got a pair of faintly glowing gloves
 11928 | D:11     | Identified the +1 pair of gloves of Elithubb {rElec rC-
                  | Regen+ Dex-5} (You found it on level 11 of the Dungeon)
 12064 | D:11     | Found a gate leading to a gauntlet.
 12074 | Gauntlet | Entered a Gauntlet
 12074 | Gauntlet | Found a transporter.
 12074 | Gauntlet | Found a transporter.
 12080 | Gauntlet | Noticed a necromancer
 12105 | Gauntlet | Found the +2 pair of boots of the Assassin {Detection Stab+
                  | Stlth++}
 12106 | Gauntlet | Found a transporter.
 12120 | Gauntlet | Found a transporter.
 12125 | Gauntlet | Noticed a death yak
 12125 | Gauntlet | Noticed a death yak
 12130 | Gauntlet | Noticed a death yak
 12130 | Gauntlet | Noticed a death yak
 12138 | Gauntlet | Found a transporter.
 12145 | Gauntlet | Found the +7 Kryia's mail coat {PotionHeal*2 rC+}
 12151 | Gauntlet | Found a transporter.
 12242 | Gauntlet | Found a transporter.
 12251 | Gauntlet | Noticed an entropy weaver
 12252 | Gauntlet | Found a transporter.
 12258 | Gauntlet | Noticed a sixfirhy
 12259 | Gauntlet | Noticed a sixfirhy
 12260 | Gauntlet | Found a transporter.
 12261 | Gauntlet | Noticed a dire elephant
 12263 | Gauntlet | Found a transporter.
 12263 | Gauntlet | Found a transporter.
 12267 | Gauntlet | Found a transporter.
 12274 | Gauntlet | Noticed a sixfirhy
 12275 | Gauntlet | Found the +7 great mace "Undeadhunter" {disrupt, rN+}
 12276 | Gauntlet | Noticed a sixfirhy
 12325 | Gauntlet | Killed a necromancer
 12471 | Gauntlet | Killed a death yak
 12471 | Gauntlet | Reached skill level 19 in Axes
 12630 | Gauntlet | Got a pair of scorched boots
 12686 | Gauntlet | Identified the cursed +0 pair of boots "Sealuy" {rC+ Int+3}
                  | (You found it in a Gauntlet)
 12695 | Gauntlet | Noticed a minotaur
 12705 | Gauntlet | Killed a minotaur
 12720 | Gauntlet | Identified Xinot's Grimoire of Curses
 12895 | D:11     | Noticed Snorg
 12916 | D:11     | Slain by Snorg

Levels and vault maps discovered:
D:1:      scummos_arrival_simple_fountains, layout_loops_corners, moated_statue,
          st_stairs_13, grunt_decor_fettered, minmay_unequal
D:2:      layout_loops_cross, minmay_shallow_snake_nest
D:3:      layout_loops_ring, lemuel_crystal_altar,
          chequers_ecumenical_altar_simple_redux, grunt_qazlal_clouds
D:4:      layout_loops_ring, overflow_temple_1_default,
          gammafunk_temple_overflow_elements, first_ration,
          fedhas_ov_isle_minmay
D:5:      layout_basic, nicolae_tso_swordbearing_angel, bloody_trog,
          minmay_temple_entry_stoned_glass, serial_shops,
          nicolae_shop_window_shopping
D:6:      layout_loops_cross, enter_ossuary_2,
          nicolae_dithmenos_through_a_glass_darkly
D:7:      layout_basic, kennysheep_little_box
D:8:      layout_rooms, nicolae_overflow_crystal_walls, basic_altar,
          grunt_livestock, minivault_24, nicolae_underground_beach
D:9:      minmay_the_grid_square_5x5_3x3 [minmay_the_grid_square_5x5_fat_x,
          minmay_the_grid_square_5x5_seven,
          minmay_the_grid_square_5x5_fancy_junction,
          minmay_the_grid_square_5x5_plus,
          minmay_the_grid_square_5x5_megaprize_checkered,
          minmay_the_grid_square_5x5_empty, minmay_the_grid_square_5x5_inner_i,
          minmay_the_grid_square_5x5_checkered_statues,
          minmay_the_grid_square_5x5_three], layout_long_grid,
          lemuel_crystal_altar, uniq_prince_ribbit1
D:10:     layout_rooms, david_orc_1_choice, minmay_diced_spiral
D:11:     layout_roguey, dpeg_lair_monsters, gauntlet_entry_generic,
          st_stairs_12, uniq_snorg
Temple:   dshaligram_water_room_temple

Skill      XL: |  1  2  3  4  5  6  7  8  9 10 11 |
---------------+----------------------------------+-----
Fighting       | 2 |  2.1
Axes           | 1 2 3 5 7 10 12 15 18 19 | 19.6
Armour         | 1 2 |  2.3
Dodging        | 3 |  3.1
Stealth        | |  1.5
Spellcasting   | |  1.3
Conjurations   | |  0.6
Fire Magic     | |  2.1

Action                   |  1- 3 |  4- 6 |  7- 9 | 10-12 || total
-------------------------+-------+-------+-------+-------++-------
Melee: Hand axe          |    85 |   267 |   566 |   221 ||  1139
       Unarmed           |     3 |       |       |       ||     3
       Headbutt          |     9 |    43 |    94 |    68 ||   214
       Battleaxe         |       |       |       |   225 ||   225
 Fire: Hunting sling     |       |       |     5 |       ||     5
Invok: Heroism           |       |       |       |     1 ||     1
Evoke: Wand              |       |     1 |     1 |     1 ||     3
  Use: Scroll            |       |     6 |     2 |     9 ||    17
       Potion            |       |     3 |     1 |    12 ||    16
  Eat: Chunk             |     1 |    10 |    11 |    11 ||    33
       Ration            |       |       |     1 |     1 ||     2
Armor: Ring mail         |    40 |    92 |     2 |       ||   134
       Skin              |       |     5 |       |    18 ||    23
       Scale mail        |       |       |   152 |   162 ||   314
Dodge: Dodged            |    73 |   124 |   192 |   165 ||   554
Block: Other             |       |    12 |    50 |    35 ||    97
       Reflection        |       |       |     1 |       ||     1
